MLB
SEATTLE MARINERS @ BOSTON RED SOX
09/02/2026
 
TOP OF THE 1ST
Seattle Mariners batting - Pitching for Boston Red Sox : RHP Les Hampson
Pitching: RHP Les Hampson
Batting: RHB Albert Almora 0-0: Swinging Strike
0-1: Swinging Strike
0-2: Strikes out swinging
Batting: LHB Bobby Howell 0-0: Called Strike
0-1: SINGLE (Groundball, 56D, EV 114 MPH)
Batting: LHB Kolten Wong 0-0: Ball
1-0: Called Strike
1-1: Ball
2-1: Foul Ball, location: 7LDF
2-2: Foul Ball, location: 23F
2-2: Ball
3-2: Base on Balls
Bobby Howell to second
Batting: LHB Bob Hollis 0-0: Ball
1-0: Called Strike
1-1: Ball
2-1: Called Strike
2-2: Strikes out swinging
Batting: LHB Ryan McMahon 0-0: Ball
1-0: 3-RUN HOME RUN (Flyball, 9D, EV 103 MPH), Distance : 416 ft
Batting: LHB Steve Wilson 0-0: Ball
1-0: Called Strike
1-1: Swinging Strike
1-2: Ground out 4-3 (Groundball, 4S, EV 54 MPH)
Top of the 1st over - 3 runs, 2 hits, 0 errors, 0 left on base; Seattle 3 - Boston 0
BOTTOM OF THE 1ST
Boston Red Sox batting - Pitching for Seattle Mariners : RHP José Amaya
Pitching: RHP José Amaya
Batting: RHB Cristián Colón 0-0: Called Strike
0-1: Foul Ball, location: 7LMF
0-2: Strikes out looking
Batting: SHB Dan Combs 0-0: Fly out, F5 (Popup, 5SF, EV 68 MPH)
Batting: LHB Rafael Devers 0-0: Called Strike
0-1: Called Strike
0-2: Ball
1-2: Ball
2-2: Ground out 6-3 (Groundball, 4MS, EV 62 MPH)
Bottom of the 1st over - 0 runs, 0 hits, 0 errors, 0 left on base; Seattle 3 - Boston 0
TOP OF THE 2ND
Seattle Mariners batting - Pitching for Boston Red Sox : RHP Les Hampson
Batting: LHB Reese McGuire 0-0: Called Strike
0-1: Fly out, F7 (Flyball, 7, EV 74 MPH)
Batting: RHB Travis Nelligan 0-0: Fly out, F8 (Flyball, 78M, EV 68 MPH)
Batting: LHB Brad Miller 0-0: Foul Ball, location: 7LDF
0-1: Ball
1-1: Called Strike
1-2: Ball
2-2: Strikes out swinging
Top of the 2nd over - 0 runs, 0 hits, 0 errors, 0 left on base; Seattle 3 - Boston 0
BOTTOM OF THE 2ND
Boston Red Sox batting - Pitching for Seattle Mariners : RHP José Amaya
Batting: RHB Patrick Vitzhum 0-0: Called Strike
0-1: Foul Ball, location: 9LMF
0-2: SINGLE (Groundball, 5D, EV 110 MPH)
Batting: LHB Dave Hopper 0-0: Ball
1-0: Ball
2-0: Ball
3-0: Called Strike
3-1: Reached on error, E3 (Groundball, 34S, EV 115 MPH)
Patrick Vitzhum to second
Batting: RHB Daniel Robertson 0-0: Foul Ball, location: 5F
0-1: Foul Ball, location: 3F
0-2: Ball
1-2: Fly out, F8 (Line Drive, 8LD, EV 86 MPH)
Batting: RHB Steve Potter 0-0: Foul Ball, location: 5F
0-1: Swinging Strike
0-2: Ball
1-2: SINGLE (Line Drive, 9S, EV 93 MPH)
Patrick Vitzhum to third
Dave Hopper to second
Batting: RHB Franly Mallen 0-0: Ball
1-0: Swinging Strike
1-1: Ball
2-1: Foul Ball, location: 7LSF
2-2: SINGLE (Groundball, 4MS, EV 55 MPH) (infield hit)
Patrick Vitzhum scores
Dave Hopper to third
Steve Potter to second
Batting: RHB Christian Arroyo 0-0: Called Strike
0-1: Ball
1-1: Ball
2-1: Foul Ball, location: 9LSF
2-2: Ball
3-2: Strikes out swinging
Batting: RHB Cristián Colón 0-0: Ball
1-0: Fly out, F8 (Flyball, 8LM, EV 86 MPH)
Bottom of the 2nd over - 1 run, 3 hits, 1 error, 3 left on base; Seattle 3 - Boston 1
TOP OF THE 3RD
Seattle Mariners batting - Pitching for Boston Red Sox : RHP Les Hampson
Batting: RHB Albert Almora 0-0: Ball
1-0: Foul Ball, location: 2F
1-1: Foul Ball, location: 2F
1-2: SINGLE (Groundball, 4D, EV 68 MPH)
Batting: LHB Bobby Howell 0-0: Called Strike
0-1: Swinging Strike
0-2: Foul Ball, location: 25FF
0-2: Fly out, F8 (Line Drive, 8LM, EV 85 MPH)
Batting: LHB Kolten Wong 0-0: Sac Bunt to 2R - play at first, batter OUT! 2-3
Albert Almora to second
Batting: LHB Bob Hollis 0-0: Ball
1-0: Ball
2-0: Ball
3-0: Called Strike
3-1: Foul Ball, location: 2F
3-2: Strikes out swinging
Top of the 3rd over - 0 runs, 1 hit, 0 errors, 1 left on base; Seattle 3 - Boston 1
BOTTOM OF THE 3RD
Boston Red Sox batting - Pitching for Seattle Mariners : RHP José Amaya
Batting: SHB Dan Combs 0-0: Ball
1-0: Foul Ball, location: 23FF
1-1: Called Strike
1-2: SINGLE (Groundball, 6MD, EV 115 MPH)
Batting: LHB Rafael Devers 0-0: Called Strike
0-1: Fielders Choice at 2nd, 1-6 (Groundball, 13S, EV 79 MPH)
Batting: RHB Patrick Vitzhum 0-0: Ball
1-0: Called Strike
1-1: Ball
2-1: Foul Ball, location: 7LMF
2-2: Strikes out swinging
Batting: LHB Dave Hopper 0-0: Swinging Strike
0-1: DOUBLE (Line Drive, 78XD, EV 104 MPH)
Rafael Devers to third
Runner from 3rd tries for Home, SAFE, no throw by CF
Batting: RHB Daniel Robertson 0-0: Ball
1-0: Ball
2-0: Ball
3-0: Called Strike
3-1: Swinging Strike
3-2: Fly out, F5 (Line Drive, 5L, EV 88 MPH)
Bottom of the 3rd over - 1 run, 2 hits, 0 errors, 1 left on base; Seattle 3 - Boston 2
TOP OF THE 4TH
Seattle Mariners batting - Pitching for Boston Red Sox : RHP Les Hampson
Batting: LHB Ryan McMahon 0-0: Called Strike
0-1: Ground out 4-3 (Groundball, 4, EV 83 MPH)
Batting: LHB Steve Wilson 0-0: Foul Ball, location: 2F
0-1: Ground out 4-3 (Groundball, 13, EV 73 MPH)
Batting: LHB Reese McGuire 0-0: Foul Ball, location: 5DF
0-1: Foul Ball, location: 2F
0-2: Ball
1-2: Foul Ball, location: 9LSF
1-2: Ball
2-2: Ball
3-2: Ground out 6-3 (Groundball, 6M, EV 109 MPH)
Top of the 4th over - 0 runs, 0 hits, 0 errors, 0 left on base; Seattle 3 - Boston 2
BOTTOM OF THE 4TH
Boston Red Sox batting - Pitching for Seattle Mariners : RHP José Amaya
Batting: RHB Steve Potter 0-0: Called Strike
0-1: Ground out 6-3 (Groundball, 6, EV 105 MPH)
Batting: RHB Franly Mallen 0-0: Fly out, F7 (Flyball, 7LM, EV 86 MPH)
Batting: RHB Christian Arroyo 0-0: Called Strike
0-1: Foul Ball, location: 2F
0-2: Foul Ball, location: 2LF
0-2: Ball
1-2: Foul Ball, location: 3SF
1-2: Foul Ball, location: 3F
1-2: SINGLE (Line Drive, 8RM, EV 79 MPH)
Batting: RHB Cristián Colón 0-0: Fly out, F3 (Popup, 34S, EV 51 MPH)
Bottom of the 4th over - 0 runs, 1 hit, 0 errors, 1 left on base; Seattle 3 - Boston 2
TOP OF THE 5TH
Seattle Mariners batting - Pitching for Boston Red Sox : RHP Les Hampson
Batting: RHB Travis Nelligan 0-0: Ball
1-0: Called Strike
1-1: Foul Ball, location: 3SF
1-2: Strikes out swinging
Batting: LHB Brad Miller 0-0: Ground out U3 (Groundball, 23, EV 57 MPH)
Batting: RHB Albert Almora 0-0: Fly out, F8 (Line Drive, 8RD, EV 80 MPH)
Top of the 5th over - 0 runs, 0 hits, 0 errors, 0 left on base; Seattle 3 - Boston 2
BOTTOM OF THE 5TH
Boston Red Sox batting - Pitching for Seattle Mariners : RHP José Amaya
Batting: SHB Dan Combs 0-0: Called Strike
0-1: Foul Ball, location: 5FF
0-2: Fly out, F4 (Popup, 4MD, EV 93 MPH)
Batting: LHB Rafael Devers 0-0: Swinging Strike
0-1: Ball
1-1: Swinging Strike
1-2: Ball
2-2: Fly out, F9 (Flyball, 9, EV 90 MPH)
Batting: RHB Patrick Vitzhum 0-0: Foul Ball, location: 7LDF
0-1: Ball
1-1: Ball
2-1: Called Strike
2-2: Foul Ball, location: 7LSF
2-2: Strikes out swinging
Bottom of the 5th over - 0 runs, 0 hits, 0 errors, 0 left on base; Seattle 3 - Boston 2
TOP OF THE 6TH
Seattle Mariners batting - Pitching for Boston Red Sox : RHP Les Hampson
Batting: LHB Bobby Howell 0-0: Called Strike
0-1: Ball
1-1: Foul Ball, location: 7LMF
1-2: Strikes out swinging
Batting: LHB Kolten Wong 0-0: Called Strike
0-1: Ball
1-1: Swinging Strike
1-2: Ball
2-2: Strikes out swinging
Batting: LHB Bob Hollis 0-0: Called Strike
0-1: Ball
1-1: Ball
2-1: Ball
3-1: Base on Balls
Batting: LHB Ryan McMahon 0-0: Ball
1-0: Called Strike
1-1: Foul Ball, location: 5F
1-2: Fly out, F8 (Line Drive, 8LD, EV 93 MPH)
Top of the 6th over - 0 runs, 0 hits, 0 errors, 1 left on base; Seattle 3 - Boston 2
BOTTOM OF THE 6TH
Boston Red Sox batting - Pitching for Seattle Mariners : RHP José Amaya
Batting: LHB Dave Hopper 0-0: Foul Ball, location: 2F
0-1: Foul Ball, location: 2F
0-2: Strikes out swinging
Batting: RHB Daniel Robertson 0-0: Ball
1-0: Foul Ball, location: 5DF
1-1: Swinging Strike
1-2: SINGLE (Line Drive, 89M, EV 99 MPH)
Pitching: LHP Eric Wilkerson
Batting: RHB Steve Potter 0-0: Foul Ball, location: 3SF
0-1: Ball
Daniel Robertson steals 2nd base
1-1: DOUBLE (Line Drive, 89XD, EV 88 MPH)
Daniel Robertson scores
Batting: RHB Franly Mallen 0-0: Called Strike
0-1: Ball
1-1: Foul Ball, location: 9LSF
1-2: Fly out, F7 (Flyball, 7LS, EV 94 MPH)
Batting: RHB Christian Arroyo 0-0: Ball
1-0: Called Strike
1-1: Ball
2-1: Foul Ball, location: 2F
2-2: Fly out, F7 (Flyball, 78D, EV 97 MPH)
Bottom of the 6th over - 1 run, 2 hits, 0 errors, 1 left on base; Seattle 3 - Boston 3
TOP OF THE 7TH
Seattle Mariners batting - Pitching for Boston Red Sox : RHP Les Hampson
Batting: LHB Steve Wilson 0-0: Fly out, F9 (Flyball, 9LM, EV 84 MPH)
Batting: LHB Reese McGuire 0-0: SINGLE (Line Drive, 8RM, EV 72 MPH)
Batting: RHB Travis Nelligan 0-0: Ball
1-0: Called Strike
1-1: Ground out U3 (Groundball, 3S, EV 83 MPH)
Reese McGuire to second
Batting: LHB Brad Miller 0-0: Called Strike
0-1: Foul Ball, location: 23F
0-2: Foul Ball, location: 7LDF
0-2: Ball
1-2: Strikes out swinging
Top of the 7th over - 0 runs, 1 hit, 0 errors, 1 left on base; Seattle 3 - Boston 3
BOTTOM OF THE 7TH
Boston Red Sox batting - Pitching for Seattle Mariners : LHP Eric Wilkerson
Batting: RHB Cristián Colón 0-0: Ball
1-0: Called Strike
1-1: Called Strike
1-2: Strikes out swinging
Batting: SHB Dan Combs 0-0: Ball
1-0: Foul Ball, location: 2F
1-1: Foul Ball, location: 25F
1-2: Ball
2-2: Strikes out swinging passed ball, reaches first!
Batting: LHB Rafael Devers 0-0: Ball
1-0: SINGLE (Groundball, 3D, EV 90 MPH)
Dan Combs to second
Runner from 2nd tries for 3rd, SAFE, throw by RF made to third
Batting: RHB Patrick Vitzhum 0-0: Called Strike
0-1: Called Strike
0-2: Grounds into double play, 4-6-3 (Groundball, 4, EV 105 MPH)
Bottom of the 7th over - 0 runs, 1 hit, 0 errors, 1 left on base; Seattle 3 - Boston 3
TOP OF THE 8TH
Seattle Mariners batting - Pitching for Boston Red Sox : RHP Les Hampson
Batting: RHB Albert Almora 0-0: Called Strike
0-1: Ball
1-1: Ball
2-1: Ball
3-1: Called Strike
3-2: Foul Ball, location: 2F
3-2: Strikes out swinging
Batting: LHB Bobby Howell 0-0: Ball
1-0: Ball
2-0: Swinging Strike
2-1: Called Strike
2-2: Strikes out swinging
Batting: LHB Kolten Wong 0-0: Fly out, F2 (Popup, 5SF, EV 53 MPH)
Top of the 8th over - 0 runs, 0 hits, 0 errors, 0 left on base; Seattle 3 - Boston 3
BOTTOM OF THE 8TH
Boston Red Sox batting - Pitching for Seattle Mariners : LHP Eric Wilkerson
Pitching: LHP Dave Kirkpatrick
Pinch Hitting: RHB Jim Williamson 0-0: Ball
1-0: DOUBLE (Flyball, 78XD, EV 110 MPH)
Batting: RHB Daniel Robertson 0-0: Swinging Strike
0-1: Ball
1-1: Ball
2-1: Foul Ball, location: 7LSF
2-2: Foul Ball, location: 23F
2-2: Ball
3-2: Ground out 5-3 (Groundball, 6S, EV 57 MPH)
Jim Williamson to third
Batting: RHB Steve Potter 0-0: Ball
1-0: Ball
2-0: Swinging Strike
2-1: Swinging Strike
2-2: Fielders Choice at home, 6-2 (Groundball, 6S, EV 112 MPH)
Batting: RHB Franly Mallen 0-0: Swinging Strike
0-1: Foul Ball, location: 3F
0-2: Strikes out swinging
Bottom of the 8th over - 0 runs, 1 hit, 0 errors, 1 left on base; Seattle 3 - Boston 3
TOP OF THE 9TH
Seattle Mariners batting - Pitching for Boston Red Sox : RHP Les Hampson
Pitching: LHP Ed Goodwin
Now in LF: Jim Williamson
Pinch Hitting: RHB Josh Morgan 0-0: Swinging Strike
0-1: Swinging Strike
0-2: Strikes out swinging
Batting: LHB Ryan McMahon 0-0: Ball
1-0: Ball
2-0: Ball
3-0: Called Strike
3-1: Called Strike
3-2: Strikes out swinging
Pinch Hitting: RHB Iván Rosário 0-0: Swinging Strike
0-1: Called Strike
0-2: Foul Ball, location: 2F
0-2: Strikes out looking
Top of the 9th over - 0 runs, 0 hits, 0 errors, 0 left on base; Seattle 3 - Boston 3
BOTTOM OF THE 9TH
Boston Red Sox batting - Pitching for Seattle Mariners : LHP Dave Kirkpatrick
Pitching: RHP Derrek Barker
Now at 1B: Iván Rosário
Now in RF: Don Desjardins
Batting: RHB Christian Arroyo 0-0: Called Strike
0-1: Fly out, F3 (Popup, 3SF, EV 49 MPH)
Batting: RHB Cristián Colón 0-0: Ball
1-0: Swinging Strike
1-1: Ball
2-1: Ball
3-1: Base on Balls
Batting: SHB Dan Combs 0-0: Ball
Cristián Colón steals 2nd base
1-0: Ball
2-0: Ball
3-0: Called Strike
3-1: Fly out, F5 (Popup, 25F, EV 69 MPH)
Batting: LHB Rafael Devers 0-0: Ball
1-0: Called Strike
1-1: Foul Ball, location: 3F
1-2: Foul Ball, location: 7LSF
1-2: DOUBLE (Line Drive, 9D, EV 89 MPH)
Cristián Colón scores
Bottom of the 9th over - 1 run, 1 hit, 0 errors, 1 left on base; Seattle 3 - Boston 4
Tuesday, September 8th , 2026 - OOTP Baseball 27.4 Build 76